 Dungeon Crawl Stone Soup version 0.29-a0-330-g52719c12eb (webtiles) character file.

Game seed: 2546120493470199294

1634598 tilp the Pyromancer (level 27, 143/272 HPs)
             Began as a Naga Fire Elementalist on May 5, 2022.
             Was the Champion of Cheibriados.
             Escaped with the Orb
             ... and 3 runes on May 7, 2022!
             The game lasted 03:27:57 (73459 turns).

tilp the Pyromancer (Naga Fire Elementalist)       Turns: 73459, Time: 03:27:57

Health: 143/272    AC: 43    Str: 31    XL:     27
Magic:  42/42      EV: 22    Int: 41    God:    Cheibriados [******]
Gold:   4524       SH: 11    Dex: 30    Spells: 15/56 levels left

rFire   + + .      SeeInvis +   a - +9 eveningstar (freeze)
rCold   . . .      Faith    .   N - +3 buckler {rC+ rF+}
rNeg    . . .      Spirit   .   c - +11 scale mail "Qeufeg" {Str+4 Dex+4}
rPois   +          Reflect  .   S - +2 hat {Int+3}
rElec   .          Harm     .   p - +2 cloak {Will+}
rCorr   .          Rampage  .   T - +2 pair of gloves {Stlth+}
Will    +++++                   I - +3 barding
Stlth   ++........              m - amulet of regeneration
HPRegen 1.35/turn               D - ring of Adaommi {Will+ EV+4}
MPRegen 0.28/turn               U - ring of fire

@: very slow
A: AC +9, large, see invisible, deformed body, poison resistance, slowness 2,
spit poison 1, naga tail 2, clumsy 1, dopey 2
0: Orb of Zot
}: 3/15 runes: decaying, silver, gossamer
a: Spit Poison, Renounce Religion, Bend Time, Temporal Distortion, Slouch, Step
From Time


You escaped.
You worshipped Cheibriados.
Cheibriados was exalted by your worship.
You visited 10 branches of the dungeon, and saw 51 of its levels.
You visited the Abyss 1 time.
You visited 1 bazaar.
You also visited: Ice Cave and Desolation.

You collected 9305 gold pieces.
You spent 4781 gold pieces at shops.

Inventory:

Hand Weapons
 a - a +9 eveningstar of freezing (weapon)
Missiles
 d - 3 throwing nets
 f - 10 atropa-tipped darts (quivered)
 G - 11 silver boomerangs
 Z - 4 curare-tipped darts
Armour
 c - the +11 scale mail "Qeufeg" (worn) {Str+4 Dex+4}
   (You took it off an orc on level 5 of the Dungeon)

   Str:       It affects your strength (+4).
   Dex:       It affects your dexterity (+4).
 p - a +2 cloak of willpower (worn)
 I - a +3 barding (worn)
 N - a +3 buckler of resistance (worn)
 S - a +2 hat of intelligence (worn)
 T - a +2 pair of gloves of stealth (worn)
Magical Staves
 b - a staff of fire
Jewellery
 h - the ring of the Lusting Fool {Will+ Int+2 SInv}
   (You took it off a deep elf zephyrmancer on level 3 of the Elven Halls)

   [ring of see invisible]

   Int:       It affects your intelligence (+2).
   SInv:      It lets you see invisible.
   Will:      It increases your willpower.
 m - an amulet of regeneration (around neck)
 D - the ring of Adaommi (left hand) {Will+ EV+4}
   (You found it on level 5 of the Vaults)

   [ring of evasion]

   EV:        It affects your evasion (+4).
   Will:      It increases your willpower.
 Q - a ring of flight
 U - a ring of fire (right hand)
 X - the ring "Unal" {rElec rC+ Int+3}
   (You bought it in a shop in a bazaar)

   [ring of protection from cold]

   Int:       It affects your intelligence (+3).
   rC:        It protects you from cold.
   rElec:     It insulates you from electricity.
 Y - a ring of protection from fire
Wands
 n - a wand of mindburst (16)
 q - a wand of polymorph (40)
 K - a wand of digging (38)
 O - a wand of paralysis (31)
 R - a wand of iceblast (23)
 V - a wand of acid (13)
 W - a wand of charming (5)
Scrolls
 e - 21 scrolls of teleportation
 l - 2 scrolls of silence
 s - 2 scrolls of summoning
 u - 6 scrolls of fog
 y - 8 scrolls of fear
 z - 3 scrolls of holy word
 B - a scroll of blinking
 J - 10 scrolls of vulnerability
Potions
 i - a potion of heal wounds
 j - 11 potions of attraction
 k - 6 potions of magic
 o - 14 potions of mutation
 r - 13 potions of lignification
 t - 4 potions of resistance
 v - 12 potions of might
 w - 6 potions of berserk rage
 E - 24 potions of curing
 F - 2 potions of cancellation
 L - 6 potions of brilliance
 M - 6 potions of invisibility
 P - 9 potions of ambrosia
Miscellaneous
 x - a phial of floods
 A - a box of beasts
 C - a lightning rod (4/4)
 H - a phantom mirror (inert)


   Skills:
 + Level 20.9 Fighting
 - Level 4.0 Short Blades
 - Level 16.0 Maces & Flails
 - Level 6.0 Throwing
 - Level 10.0 Armour
 + Level 13.3 Dodging
 - Level 15.0 Stealth
 - Level 6.0 Shields
 - Level 15.0 Spellcasting
 * Level 17.7 Conjurations
 - Level 4.0 Hexes
 - Level 4.0 Translocations
 * Level 21.9 Fire Magic
 + Level 16.6 Invocations
 + Level 13.7 Evocations


You had 15 spell levels left.
You knew the following spells:

 Your Spells              Type           Power      Damage    Failure   Level
a - Orb of Destruction    Conj           54%        9d14      1%          7
b - Scorch                Fire           100%       2d10      0%          2
c - Flame Wave            Conj/Fire      100%       2d17      0%          4
d - Dazzling Flash        Conj/Hex       100%       N/A       1%          3
e - Iskenderun's Mystic   Conj/Tloc      88%        2d17      1%          4
f - Starburst             Conj/Fire      69%        6d18      1%          6
g - Fulminant Prism       Conj/Hex       44%        3d20      1%          4
h - Ignition              Fire           71%        3d19      1%          8
i - Blink                 Tloc           100%       N/A       1%          2
j - Foxfire               Conj/Fire      100%       2x1d9     0%          1

Your spell library contained the following spells:

 Spells                   Type           Power      Damage    Failure   Level
 Magic Dart               Conj           100%       1d8       0%          1
 Searing Ray              Conj           100%       2d8       0%          2
 Conjure Flame            Conj/Fire      100%       6-21      0%          3
 Sticky Flame             Conj/Fire      100%       2d11      0%          4
 Animate Skeleton         Necr           60%        N/A       1%          1
 Apportation              Tloc           100%       N/A       1%          1
 Pain                     Necr           100%       1d9       1%          1
 Shock                    Conj/Air       100%       1d9       1%          1
 Slow                     Hex            100%       N/A       1%          1
 Sting                    Tmut/Pois      100%       1d8       1%          1
 Summon Small Mammal      Summ           100%       N/A       1%          1
 Ensorcelled Hibernation  Hex/Ice        94%        N/A       1%          2
 Static Discharge         Conj/Air       80%        N/A       1%          2
 Confusing Touch          Hex            59%        N/A       1%          3
 Gell's Gravitas          Tloc           59%        N/A       1%          3
 Ignite Poison            Fire/Tmut/Pois 94%        N/A       1%          3
 Inner Flame              Hex/Fire       100%       N/A       1%          3
 Lesser Beckoning         Tloc           59%        N/A       1%          3
 Mephitic Cloud           Conj/Pois/Air  68%        N/A       1%          3
 Portal Projectile        Hex/Tloc       100%       N/A       1%          3
 Teleport Other           Tloc           59%        N/A       1%          3
 Tukima's Dance           Hex            59%        N/A       1%          3
 Hailstorm                Conj/Ice       80%        3d16      1%          4
 Irradiate                Conj/Tmut      40%        3d26      1%          5
 Lightning Bolt           Conj/Air       40%        1d59      1%          5
 Summon Guardian Golem    Hex/Summ       47%        N/A       2%          3
 Corpse Rot               Necr/Air       60%        N/A       3%          2
 Passwall                 Tmut/Erth      25%        N/A       3%          2
 Poisonous Vapours        Pois/Air       60%        N/A       3%          2
 Sublimation of Blood     Necr           30%        N/A       3%          2
 Cause Fear               Hex            29%        N/A       4%          4
 Passage of Golubria      Tloc           59%        N/A       4%          4
 Ozocubu's Armour         Ice            30%        N/A       6%          3
 Spider Form              Tmut/Pois      30%        N/A       6%          3
 Swiftness                Air            30%        N/A       6%          3
 Vampiric Draining        Necr           30%        2d8       6%          3
 Anguish                  Hex/Necr       23%        N/A       9%          4
 Leda's Liquefaction      Hex/Erth       23%        N/A       9%          4
 Conjure Ball Lightning   Conj/Air       40%        3x3d13    9%          6
 Manifold Assault         Tloc           59%        N/A       11%         5
 Airstrike                Air            15%        N/A       21%         4
 Animate Dead             Necr           15%        N/A       21%         4
 Dispel Undead            Necr           30%        3d14      21%         4
 Ice Form                 Ice/Tmut       30%        N/A       21%         4
 Olgreb's Toxic Radiance  Pois           30%        N/A       21%         4
 Petrify                  Tmut/Erth      30%        N/A       21%         4
 Summon Lightning Spire   Summ/Air       30%        N/A       21%         4
 Metabolic Englaciation   Hex/Ice        23%        N/A       26%         5
 Silence                  Hex/Air        23%        N/A       26%         5
 Summon Forest            Summ/Tloc      23%        N/A       26%         5
 Summon Mana Viper        Hex/Summ       47%        N/A       26%         5
 Yara's Violent Unravell  Hex/Tmut       23%        3d10      26%         5
 Spellforged Servitor     Conj/Summ      40%        N/A       43%         7
 Alistair's Intoxication  Tmut/Pois      20%        N/A       50%         5
 Blade Hands              Tmut           15%        N/A       50%         5
 Excruciating Wounds      Necr           15%        N/A       50%         5
 Lee's Rapid Deconstruct  Erth           15%        3d11*     50%         5
 Dispersal                Tloc           29%        N/A       52%         6
 Fire Storm               Conj/Fire      69%        8d17      54%         9
 Simulacrum               Ice/Necr       15%        N/A       97%         6
 Statue Form              Tmut/Erth      20%        N/A       97%         6
 Summon Cactus Giant      Summ           15%        N/A       97%         6
 Enfeeble                 Hex            29%        N/A       98%         7
 Lehudib's Crystal Spear  Conj/Erth      40%        10d10     98%         8
 Dragon Form              Tmut           15%        N/A       100%        7
 Ozocubu's Refrigeration  Ice            15%        4d8       100%        7
 Storm Form               Tmut/Air       15%        N/A       100%        7
 Discord                  Hex            29%        N/A       100%        8
 Disjunction              Tloc           29%        N/A       100%        8
 Maxwell's Capacitive Co  Air            15%        ∞         100%        8
 Dragon's Call            Summ           15%        N/A       100%        9
 Polar Vortex             Ice            15%        N/A       100%        9
 Shatter                  Erth           15%        3d15*     100%        9


Dungeon Overview and Level Annotations

Branches:
Dungeon (15/15)            Temple (0/1) D:6            Lair (6/6) D:9
  Swamp (4/4) Lair:2       Spider (4/4) Lair:4        Slime (0/5) Lair:6
    Orc (2/2) D:10            Elf (3/3) Orc:2        Vaults (5/5) D:13
  Crypt (3/3) Vaults:2       Tomb (0/3) Crypt:3      Depths (4/4) D:15
    Zot (5/5) Depths:4      IceCv (visited)         Desolation (visited)

Altars:
Ashenzari
Cheibriados
Dithmenos
Fedhas
Gozag
Hepliaklqana
Kikubaaqudgha
Makhleb
Nemelex Xobeh
Qazlal
Sif Muna
Uskayaw
Vehumet
Wu Jian
Xom
Yredelemnul
Zin
The Shining One
Beogh

Shops:
D:11 !   D:14 !   Orc:1 ?   Orc:2 [([??   Elf:1 [   Elf:3 (   Vaults:2 ?
Vaults:3 !   Vaults:4 ([[

Portals:
Hell: Depths:1 Depths:2 Depths:3 Depths:4
Abyss: Depths:3 Depths:4
Pandemonium: Depths:2 Depths:4
Ziggurat: Depths:1

Annotations:
Elf:2 3 runed translucent doors
Elf:3 2 transporters, Mashuo's ghost, adept GrFi
Depths:2 1 runed translucent door, robertstho's ghost, veteran DjEE


Innate Abilities, Weirdness & Mutations

Your serpentine skin is tough. (AC +9)
You have supernaturally acute eyesight. (SInv)
Armour fits poorly on your strangely shaped body.
Your system is resistant to poisons. (rPois)
You cover ground very slowly.
You can spit poison.
You can use your snake-like lower body to constrict enemies.
You are clumsy. (Dex -2)
You are very dopey. (Int -4)


Message History

The sun demon attacks as you move away! You block the sun demon's attack.
The sun demon hits you!
You are engulfed in flames.
You resist. The sun demon attacks as you move away!
The sun demon hits you but does no damage.
The balrug gestures at you. Something smites you!
The sun demon closely misses you. You block the sun demon's attack.
The sun demon closely misses you. The sun demon completely misses you.
The sun demon closely misses you. The sun demon attacks as you move away!
The sun demon closely misses you. The sun demon attacks as you move away!
The sun demon closely misses you. The balrug gestures at you.
Something smites you! You block the sun demon's attack.
The sun demon hits you but does no damage. x2
The sun demon attacks as you move away!
The sun demon hits you but does no damage.
The sun demon closely misses you. The sun demon misses you.
The sun demon closely misses you. The balrug gestures at you.
The bolt of fire hits the sun demon.
The sun demon completely resists.
The bolt of fire hits the sun demon.
The sun demon completely resists.
The bolt of fire hits you but does no damage.
You block the sun demon's attack. The sun demon misses you.
The sun demon misses you. You block the sun demon's attack.
The sun demon attacks as you move away! The sun demon completely misses you.
The sun demon hits you!
You are engulfed in flames.
You resist. The balrug gestures at you.
The bolt of fire hits the sun demon.
The sun demon completely resists.
The bolt of fire hits the sun demon.
The sun demon completely resists.
The bolt of fire hits you! You resist. You block the sun demon's attack.
The balrug gestures at you. Something smites you! The sun demon misses you.
The sun demon barely misses you. The balrug gestures at you.
Something smites you!
The sun demon hits you but does no damage.
The sun demon hits you!
You are engulfed in flames.
You resist.
The sun demon hits you but does no damage.
There is a staircase leading out of the dungeon, spattered with blood here.
The sun demon completely misses you.
You have escaped!

.#........................# #(..
.#............#.#.#.......#######
.#...............................
.#...........#............#######
.............############.#
...).........# #.# ...####.######
##.# ...# #..♣♣♣♣♣♣♣♣♣♣♣♣♣♣♣..#
...# #.....3233@.....^...#######
#######..♣♣♣♣♣♣♣♣♣♣♣♣♣♣♣........#
........######## #######..#.#..#
...............# #.............#
........######.## #.######.#.#...
........# #..###.#............
........# ###..##.#............
........# #.....#.#........!...
........# #.#.#.#.#............


You could see a balrug and 3 sun demons.

Vanquished Creatures
  A seraph (D:8)
  3 dread liches
  5 ancient liches
  2 orbs of fire (Zot:5)
  Mara (Spider:3)
  Sojobo (Crypt:3)
  Boris (thrice) (Vaults:2 Crypt:1 Vaults:5)
  2 Killer Klowns (Zot:5)
  Frederick (Vaults:3)
  Margery (Vaults:2)
  Josephina (Crypt:3)
  5 golden dragons
  Nikola (Vaults:2)
  the Enchantress (Depths:2)
  A Tzitzimitl (Zot:3)
  A Brimstone Fiend (D:4)
  An electric golem (Zot:5)
  5 tentacled monstrosities
  9 liches
  Zenata (Crypt:2)
  2 deep elf blademasters (Elf:3)
  A walking earthen tome (Depths:3)
  29 Orb Guardians
  3 titans (Vaults:5)
  2 deep elf master archers (Elf:3)
  8 quicksilver dragons
  Gastronok (D:8)
  The ghost of Royhe the Fighter, an adept OgFi of Lugonu (D:15)
  13 storm dragons
  2 ancient champions (Crypt:3)
  Kirke (D:13)
  13 tengu reavers
  4 thorn hunters (Swamp:4)
  5 sphinxes
  Agnes (D:14)
  2 death cobs (Zot:3)
  Frances (D:14)
  7 shadow dragons
  7 revenants
  Donald (Vaults:3)
  3 fenstrider witches
  A demonspawn warmonger (D:1)
  The ghost of Gipsousk the Thrower, an adept VSAM of Trog (Spider:2)
  An imperial myrmidon (Desolation)
  10 fire giants
  10 frost giants
  An iron dragon (Depths:3)
  Aizul (Depths:2)
  8 deep elf sorcerers (Elf:3)
  6 emperor scorpions
  A draconian knight (Depths:4)
  3 orc warlords
  15 vault wardens
  A spectral caustic shrike (Crypt:3)
  2 juggernaut zombies (Depths:2)
  2 angels
  Louise (D:14)
  3 caustic shrike zombies
  11 ghouls
  8 ghost moths
  2 draconian shifters (Depths:4)
  3 broodmothers
  3 curse skulls
  19 ironbound preservers
  3 ironbound thunderhulks
  6 deep elf elementalists
  The ghost of Bisih the Fighter, a journeyman DsCA of Ignis (Lair:6)
  A demonspawn corrupter (D:1)
  4 spriggan defenders
  40 very ugly things
  A caustic shrike skeleton (Crypt:2)
  3 war gargoyles (Vaults:5)
  The ghost of night the Arsonist, a journeyman DrVM of Vehumet (Lair:6)
  A green draconian (Depths:4)
  A juggernaut skeleton (Depths:3)
  8 stone giants
  11 vampire knights
  3 purple draconians
  5 deep elf demonologists
  3 eleionomae
  6 dire elephants (Vaults:2)
  5 black draconians
  15 deep elf annihilators
  2 halazid warlocks (Desolation)
  Azrael (Elf:1)
  2 bunyips
  11 entropy weavers
  8 spark wasps
  6 statues (Depths:2)
  5 white draconians
  12 ettins
  A blizzard demon (Depths:2)
  3 crystal guardians (Desolation)
  8 deep elf death magi
  6 eidola
  Snorg (D:11)
  A quicksilver dragon zombie (Depths:2)
  10 fire dragons
  An elf zombie (Crypt:1)
  12 jiangshi
  7 ragged hierophants (Desolation)
  6 deep elf high priests
  3 great orbs of eyes
  15 yaktaur captains
  38 vault guards
  3 shambling mangroves
  5 peacekeepers (Desolation)
  4 salamander tyrants (Depths:2)
  Erolcha (D:14)
  9 servants of whispers (Desolation)
  10 ice dragons
  2 spectral spriggans (Crypt:3)
  20 hydras
  8 spriggan air magi
  10 alligators
  A catoblepas (shapeshifter) (Vaults:5)
  3 radroaches
  12 two-headed ogres
  14 boulder beetles
  A fenstrider witch skeleton (Crypt:2)
  5 death knights
  14 dancing weapons
  4 vampire magi
  17 centaur warriors
  4 ironbound frosthearts
  5 jorogumos
  2 spriggan skeletons (Crypt:1)
  An alligator (shapeshifter) (Vaults:5)
  7 deep troll earth magi
  5 death yaks
  2 titan zombies (Depths:2)
  A deep troll shaman (Depths:1)
  A satyr (Lair:2)
  A spectral dire elephant (Crypt:3)
  5 orc high priests (Orc:2)
  8 tengu warriors
  7 spriggan berserkers
  Urug (D:11)
  18 hell knights
  6 soul eaters
  2 storm dragon zombies (Depths:2)
  19 shadow wraiths
  A golden dragon zombie (Depths:2)
  9 sun demons
  2 sun moths (Spider:3)
  10 deep elf knights
  11 goliath frogs
  9 pharaoh ants
  2 sixfirhies
  9 iron trolls
  37 skeletal warriors
  A glowing orange brain (shapeshifter) (Vaults:5)
  A spark wasp zombie (Depths:2)
  9 flayed ghosts
  2 glowing orange brains
  5 steelbarb worms
  53 deep trolls
  An anaconda zombie (Crypt:3)
  13 swamp dragons
  5 orb spiders
  5 spriggan druids
  A harpy (Vaults:2)
  4 spectral hydras (Swamp:4)
  7 bog bodies
  6 wizards
  2 tengu zombies (Depths:2)
  A shadow demon (D:1)
  A shadow dragon zombie (Depths:3)
  4 lindwurms
  15 deep elf archers
  2 tengu skeletons
  6 orc knights
  9 necromancers
  28 ironbound convokers
  3 oklob plants (Swamp:4)
  37 phantasmal warriors
  A faun (Lair:2)
  25 deep elf zephyrmancers
  32 deep elf pyromancers
  A sphinx skeleton (Crypt:1)
  5 orc sorcerers (Orc:2)
  19 wolf spiders
  A salamander (Depths:2)
  8 manticores
  30 ugly things
  A shadow dragon skeleton (Crypt:1)
  A wolf spider (shapeshifter) (Vaults:5)
  2 frost giant zombies (Depths:2)
  6 fire giant zombies (Depths:2)
  5 cyclopes
  A stone giant zombie (Depths:2)
  2 shining eyes (Depths:4)
  2 will-o-the-wisps
  A cyclops (shapeshifter) (Vaults:5)
  An iron dragon skeleton (Crypt:1)
  A rust devil (Depths:2)
  18 moths of wrath
  An eleionoma skeleton (Crypt:2)
  A frost giant skeleton (Crypt:2)
  6 black mambas
  7 elephants
  2 ice statues (IceCv)
  20 vault sentinels
  Maurice (D:11)
  A stone giant skeleton (Crypt:3)
  5 orange demons
  A molten gargoyle (Desolation)
  Joseph (D:7)
  4 eyes of devastation (Depths:4)
  3 guardian serpents (Desolation)
  25 cane toads
  4 gargoyles
  8 torpor snails
  2 large abominations
  A death yak zombie (Crypt:2)
  3 unseen horrors
  A naga skeleton (Crypt:3)
  4 rime drakes
  Psyche (D:9)
  36 yaktaurs
  5 tengu conjurers
  11 freezing wraiths
  5 demonic crawlers
  2 anaconda simulacra (Crypt:3)
  2 ice devils
  A tormentor (D:7)
  3 komodo dragons
  The ghost of robertstho the Magician, a novice DEFE of Sif Muna (D:5)
  2 hellwings (Depths:2)
  3 death drake zombies (Swamp:4)
  A spectral demonspawn (Crypt:3)
  2 purple draconian skeletons
  A red devil (Depths:2)
  A troll (shapeshifter) (Vaults:5)
  A harpy zombie (Crypt:3)
  A green draconian skeleton (Crypt:2)
  A queen bee (shapeshifter) (Elf:2)
  2 spectral harpies (Crypt:3)
  4 hydra zombies (Swamp:4)
  3 trolls
  2 polar bears (shapeshifter)
  A spectral human (Depths:1)
  18 hornets
  A black draconian skeleton (Crypt:2)
  An iron troll skeleton (Crypt:3)
  7 meliai
  A harpy skeleton (Crypt:1)
  2 white draconian skeletons
  10 polar bears
  11 tyrant leeches
  6 bloated husks
  30 blink frogs
  2 death drake skeletons
  A dream sheep (shapeshifter) (Vaults:5)
  22 slime creatures
  2 spriggan zombies (Depths:2)
  A hydra skeleton (Swamp:4)
  31 tarantellas
  A culicivora zombie (Crypt:3)
  14 dream sheep
  59 saltlings (Desolation)
  An ettin skeleton (Crypt:3)
  9 flying skulls (Crypt:3)
  2 air elementals
  32 culicivoras
  A culicivora (shapeshifter) (D:15)
  An alligator skeleton (Crypt:3)
  14 spriggans
  32 jumping spiders
  4 starcursed masses (Abyss:3)
  A centaur simulacrum (D:12)
  11 shadows
  16 wraiths
  15 water elementals
  2 vampires
  A ynoxinul (D:15)
  33 yaks
  3 fire bats (Depths:4)
  2 wyverns
  2 fire elementals (Elf:1)
  4 humans (D:9)
  3 hogs (D:13)
  A dire elephant simulacrum (Crypt:3)
  2 steam dragons (D:9)
  A neqoxec (Depths:2)
  70 redbacks
  6 basilisks
  2 chaos spawn
  A death yak simulacrum (D:12)
  A redback (shapeshifter) (Vaults:2)
  A harpy simulacrum (IceCv)
  A basilisk (shapeshifter) (Depths:4)
  25 vampire mosquitoes
  13 swamp worms
  A human zombie (Depths:2)
  2 wargs
  2 hydra simulacra (Swamp:4)
  2 acid dragons
  22 water moccasins
  10 hell hounds
  2 floating eyes (Depths:2)
  4 sky beasts (Depths:3)
  4 swamp drakes
  A snapping turtle zombie (Crypt:1)
  4 black bears
  A meliai simulacrum (D:12)
  38 orc warriors
  2 ice beasts
  16 ogres
  A dream sheep skeleton (Crypt:3)
  55 wolves
  9 boggarts
  A manticore skeleton (Crypt:1)
  9 centaurs
  2 swamp dragon skeletons (Swamp:4)
  A torpor snail zombie (Crypt:2)
  A kobold brigand (D:9)
  8 necrophages
  An earth elemental (Elf:3)
  8 scorpions
  18 bullfrogs
  2 cane toad simulacra
  8 wights
  An elephant simulacrum (D:12)
  5 killer bees (D:9)
  2 howler monkeys
  8 electric eels
  4 crimson imps
  5 jellies
  8 hounds
  43 orc priests
  5 iguanas
  Natasha (thrice) (D:2)
  34 orc wizards
  11 hell rats
  2 troll simulacra (D:12)
  4 polar bear simulacra
  A wolf simulacrum (D:12)
  An ogre zombie (Crypt:1)
  An ogre skeleton (Crypt:1)
  A gnoll (D:4)
  7 adders
  A river rat (D:10)
  2 white imps (D:12)
  4 ufetubi
  A lava snake zombie (Crypt:2)
  A lava snake skeleton (Crypt:2)
  2 worms (D:3)
  2 dart slugs
  97 orcs
  5 ball pythons
  A bat (D:3)
  3 bat zombies (D:4)
  4 endoplasms
  4 giant cockroaches (D:1)
  5 goblins
  5 hobgoblins
  10 jackals
  2 quokkas
  2 frilled lizards
  A goblin zombie (Crypt:1)
  A hobgoblin skeleton (Crypt:3)
  11 kobolds
  A quokka skeleton (Crypt:2)
  3 rats
  A rat zombie (D:4)
  2 briar patches (Swamp:4)
  3 foxfires (Swamp:3)
2536 creatures vanquished.

Vanquished Creatures (collateral kills)
  Mennas (Vaults:3)
  A deep troll simulacrum (Crypt:3)
  A foxfire (Lair:1)
3 creatures vanquished.

Vanquished Creatures (others)
  A bog body (Swamp:4)
  A deep elf pyromancer (Elf:3)
  A will-o-the-wisp (Swamp:3)
  2 bloated husks (Swamp:4)
  A shadow dragon simulacrum (Crypt:3)
  An air elemental (Elf:3)
  A fire bat (Depths:4)
  A water elemental (Elf:3)
  A human (D:9)
  An orc (Orc:2)
  108 foxfires
  7 fulminant prisms
  80 fungi
  189 plants
  6 withered plants (Lair:6)
401 creatures vanquished.

Grand Total: 2940 creatures vanquished

Notes
Turn   | Place    | Note
-------+----------+-------------------------------------------
     0 | D:1      | tilp the Naga Fire Elementalist began the quest for the
                  | Orb.
     0 | D:1      | Reached XP level 1. HP: 15/15 MP: 3/3
    84 | D:1      | Reached XP level 2. HP: 22/24 MP: 3/5
   289 | D:1      | Found a faded altar of an unknown god.
   304 | D:1      | Learned a level 2 spell: Scorch
   959 | D:2      | Reached skill level 1 in Fighting
  1049 | D:2      | Noticed Natasha
  1052 | D:2      | Killed Natasha
  1053 | D:2      | Reached XP level 3. HP: 31/31 MP: 3/6
  1328 | D:2      | Reached XP level 4. HP: 35/38 MP: 2/8
  1690 | D:2      | Noticed Natasha
  1693 | D:2      | Killed Natasha
  1985 | D:2      | Noticed Natasha
  1989 | D:2      | Killed Natasha
  1990 | D:2      | Reached skill level 4 in Fire Magic
  1990 | D:2      | Reached XP level 5. HP: 39/44 MP: 2/9
  2115 | D:3      | Noticed a black bear
  2121 | D:3      | Killed a black bear
  2223 | D:3      | Found Nobyl's Magic Scroll Shop.
  2230 | D:3      | Bought a scroll of identify for 20 gold pieces
  2230 | D:3      | Bought a scroll of teleportation for 30 gold pieces
  2230 | D:3      | Bought a scroll of teleportation for 30 gold pieces
  2375 | D:3      | Reached XP level 6. HP: 52/52 MP: 5/10
  2627 | D:3      | Found a snail-covered altar of Cheibriados.
  2651 | D:3      | Became a worshipper of Cheibriados the Contemplative
  2665 | D:3      | Reached skill level 5 in Fire Magic
  2840 | D:3      | Found a glowing silver altar of Zin.
  3033 | D:3      | Identified a scroll of acquirement
  3033 | D:3      | Acquired 1001 gold pieces
  3068 | D:3      | Bought a scroll of holy word for 75 gold pieces
  3068 | D:3      | Bought a scroll of identify for 20 gold pieces
  3068 | D:3      | Bought a scroll of amnesia for 35 gold pieces
  3068 | D:3      | Bought a scroll of torment for 75 gold pieces
  3068 | D:3      | Bought a scroll of fog for 20 gold pieces
  3068 | D:3      | Bought a scroll of enchant armour for 75 gold pieces
  3068 | D:3      | Bought a scroll of fog for 20 gold pieces
  3108 | D:4      | Found a shimmering altar of Xom.
  3361 | D:4      | HP: 1/52 [crimson imp/bolt of acid (36)]
  3367 | D:3      | HP: 2/52 [crimson imp (3)]
  3603 | D:4      | Reached XP level 7. HP: 60/60 MP: 11/11
  3683 | D:4      | Reached skill level 6 in Fire Magic
  3751 | D:4      | Reached skill level 1 in Invocations
  3928 | D:4      | Reached skill level 1 in Throwing
  4033 | D:4      | Learned a level 4 spell: Flame Wave
  4047 | D:4      | Reached * piety under Cheibriados
  4354 | D:4      | Reached XP level 8. HP: 68/68 MP: 0/12
  4597 | D:4      | Found an ancient bone altar of Kikubaaqudgha.
  4690 | D:5      | Entered Level 5 of the Dungeon
  4814 | D:5      | Reached skill level 5 in Stealth
  4886 | D:5      | Found an ornate altar of the Wu Jian Council.
  5213 | D:5      | Reached ** piety under Cheibriados
  5405 | D:5      | Found a runed translucent gate.
  5405 | D:5      | Found a runed translucent gate.
  5409 | D:5      | Noticed robertstho's ghost (novice DEFE)
  5410 | D:5      | Found a runed translucent gate.
  5413 | D:5      | Identified the +11 scale mail "Qeufeg" {Str+4 Dex+4}
  5558 | D:5      | Killed robertstho's ghost
  5787 | D:6      | Noticed a troll
  5787 | D:6      | Found a staircase to the Ecumenical Temple.
  6025 | D:6      | Reached XP level 9. HP: 79/79 MP: 9/14
  6192 | D:6      | Killed a troll
  6193 | D:6      | Reached skill level 5 in Fighting
  6193 | D:6      | Reached skill level 5 in Conjurations
  6490 | D:6      | Reached *** piety under Cheibriados
  6870 | D:7      | Reached skill level 7 in Fire Magic
  6971 | D:7      | Noticed Joseph
  8277 | D:8      | Reached skill level 5 in Spellcasting
  8290 | D:8      | Reached skill level 8 in Fire Magic
  8290 | D:8      | Reached XP level 10. HP: 47/91 MP: 4/17
  8650 | D:8      | Reached skill level 1 in Short Blades
  8650 | D:8      | Reached skill level 1 in Evocations
  8824 | D:8      | Noticed Gastronok
  9203 | D:9      | Reached **** piety under Cheibriados
  9278 | D:9      | Reached skill level 1 in Armour
  9418 | D:9      | Noticed Psyche
  9431 | D:9      | Killed Psyche
  9432 | D:9      | Reached skill level 5 in Invocations
  9605 | D:9      | Found a blossoming altar of Fedhas.
  9682 | D:9      | Found a staircase to the Lair.
  9768 | D:9      | Found a burning altar of Makhleb.
  9875 | D:9      | Noticed a two-headed ogre
  9890 | D:9      | Killed a two-headed ogre
  9891 | D:9      | Reached XP level 11. HP: 16/100 MP: 7/18
 10518 | D:10     | Entered Level 10 of the Dungeon
 10533 | D:10     | Noticed a two-headed ogre
 10537 | D:10     | Killed a two-headed ogre
 10613 | D:10     | Reached ***** piety under Cheibriados
 10858 | D:10     | Found a staircase to the Orcish Mines.
 10871 | D:10     | Reached skill level 10 in Stealth
 11324 | D:10     | Noticed a two-headed ogre
 11562 | D:10     | Killed a two-headed ogre
 11916 | D:10     | Found a stormy altar of Qazlal.
 12125 | D:11     | Noticed a two-headed ogre
 12134 | D:11     | Killed a two-headed ogre
 12218 | D:11     | Noticed Snorg
 12245 | D:11     | Noticed a manticore
 12249 | D:11     | Killed a manticore
 12270 | D:11     | Noticed a manticore
 12281 | D:11     | Killed a manticore
 12282 | D:11     | Reached XP level 12. HP: 93/112 MP: 9/20
 12392 | D:11     | Found Tovuno's Distillery.
 12398 | D:11     | Bought a potion of flight for 48 gold pieces
 12398 | D:11     | Bought a potion of ambrosia for 128 gold pieces
 12398 | D:11     | Bought a potion of curing for 48 gold pieces
 12398 | D:11     | Bought a potion of curing for 48 gold pieces
 12398 | D:11     | Bought a potion of curing for 48 gold pieces
 12398 | D:11     | Bought a potion of curing for 48 gold pieces
 12398 | D:11     | Bought a potion of lignification for 48 gold pieces
 12398 | D:11     | Bought a potion of brilliance for 64 gold pieces
 12594 | D:11     | Reached skill level 5 in Evocations
 12687 | D:11     | Noticed Maurice
 12692 | D:11     | Killed Maurice
 12768 | D:11     | Noticed Urug
 13344 | Lair:1   | Entered Level 1 of the Lair of Beasts
 14553 | Lair:1   | Found a sparkling altar of Nemelex Xobeh.
 14930 | Lair:2   | Found a staircase to the Swamp.
 14930 | Lair:2   | Noticed a five-headed hydra
 14937 | Lair:2   | Killed a five-headed hydra
 15154 | Lair:2   | Reached skill level 9 in Fire Magic
 15350 | Lair:2   | Noticed a boulder beetle
 15534 | Lair:2   | Reached ****** piety under Cheibriados
 15836 | Lair:2   | Noticed a satyr
 15836 | Lair:2   | a boulder beetle changed into a satyr
 15840 | Lair:2   | Killed a satyr
 15887 | Lair:2   | Gained mutation: You can use your snake-like lower body to
                  | constrict enemies. [Naga growth]
 15887 | Lair:2   | Reached XP level 13. HP: 121/121 MP: 20/23
 16306 | Lair:3   | Learned a level 3 spell: Dazzling Flash
 16597 | Lair:3   | Reached skill level 10 in Fighting
 16597 | Lair:3   | Reached skill level 10 in Fire Magic
 17982 | Lair:4   | Found a hole to the Spider Nest.
 18784 | Lair:5   | Reached skill level 5 in Dodging
 18978 | Lair:5   | You fall into a shaft and drop 1 floor!
 18978 | Lair:6   | Entered Level 6 of the Lair of Beasts
 18978 | Lair:6   | Found a runed translucent gate.
 18978 | Lair:6   | Found a runed translucent gate.
 18978 | Lair:6   | Found a runed translucent gate.
 18995 | Lair:6   | Noticed night's ghost (journeyman DrVM)
 18996 | Lair:6   | Noticed Bisih's ghost (journeyman DsCA)
 19538 | Lair:5   | Reached XP level 14. HP: 133/133 MP: 24/24
 19979 | Orc:1    | Entered Level 1 of the Orcish Mines
 20130 | Orc:1    | Found Sosaugh's Magic Scroll Shoppe.
 20563 | D:7      | Killed Joseph
 20654 | D:8      | Killed Gastronok
 21173 | Lair:6   | Reached skill level 5 in Armour
 21892 | Lair:6   | Found a staircase to the Slime Pits.
 22087 | Lair:6   | Found the +1 robe of Vines {NoPotionHeal Regen++++}
 22259 | Lair:6   | Reached XP level 15. HP: 131/137 MP: 20/25
 22260 | Lair:6   | Reached skill level 10 in Invocations
 22582 | Lair:6   | Reached skill level 15 in Stealth
 22929 | Orc:2    | Entered Level 2 of the Orcish Mines
 22967 | Orc:2    | Noticed an orc warlord
 22985 | Orc:2    | Killed an orc warlord
 22986 | Orc:2    | Reached skill level 1 in Hexes
 23237 | Orc:2    | Found a staircase to the Elven Halls.
 23715 | Orc:2    | Found Notogag's Magic Scroll Boutique.
 23994 | Orc:2    | Found Gofy's Weapon Shop.
 23994 | Orc:2    | Found Iliqun's Armour Shop.
 23995 | Orc:2    | Found Ememp's Armour Boutique.
 24002 | Orc:2    | Found Xoabolim's Magic Scroll Boutique.
 24007 | Orc:2    | Bought a +0 pair of gloves for 58 gold pieces
 24072 | Orc:2    | Gained mutation: You are dopey. (Int -2) [a neqoxec]
 24685 | Orc:2    | Lost mutation: You are dopey. (Int -2) [potion of mutation]
 24685 | Orc:2    | Gained mutation: You are dopey. (Int -2) [potion of
                  | mutation]
 24686 | Orc:2    | Lost mutation: You are dopey. (Int -2) [potion of mutation]
 24686 | Orc:2    | Gained mutation: You are clumsy. (Dex -2) [potion of
                  | mutation]
 24686 | Orc:2    | Gained mutation: You have a pair of small horns on your
                  | head. [potion of mutation]
 24686 | Orc:2    | Gained mutation: Your spells are a little harder to cast,
                  | but a little more powerful. [potion of mutation]
 24730 | Orc:2    | Bought a scroll of enchant armour for 75 gold pieces
 24891 | D:12     | Found a frozen archway.
 24907 | IceCv    | Entered an ice cave
 24924 | IceCv    | Found a transporter.
 24936 | IceCv    | Found a transporter.
 25293 | Orc:2    | Bought a scroll of enchant weapon for 75 gold pieces
 25293 | Orc:2    | Bought a scroll of enchant weapon for 75 gold pieces
 25293 | Orc:2    | Bought 3 scrolls of enchant weapon for 225 gold pieces
 25592 | Orc:1    | Bought a scroll of enchant armour for 112 gold pieces
 25592 | Orc:1    | Bought a scroll of enchant armour for 112 gold pieces
 26088 | D:12     | You fall into a shaft and drop 1 floor!
 26097 | D:13     | Reached skill level 1 in Maces & Flails
 26189 | D:13     | Found a gate to the Vaults.
 26193 | D:13     | Reached skill level 1 in Shields
 26884 | D:12     | Reached XP level 16. HP: 157/157 MP: 28/28
 27156 | D:13     | Reached skill level 11 in Fire Magic
 27476 | D:13     | Noticed Kirke
 27489 | D:13     | Killed Kirke
 28101 | D:14     | Found an opulent altar of Gozag.
 28102 | D:14     | Noticed Louise
 28108 | D:14     | Killed Louise
 28166 | D:14     | Identified the +1 ring mail of Hubris {Dex+5}
 28190 | D:14     | Found Sioczit's Distillery.
 28252 | D:14     | Noticed Agnes
 28253 | D:14     | Noticed Frances
 28260 | D:14     | Killed Agnes
 28263 | D:14     | Killed Frances
 29149 | D:14     | Noticed Erolcha
 29153 | D:14     | Killed Erolcha
 29164 | D:14     | Got the Catalogue of Transmutation and Dark Secrets
 29250 | D:15     | Entered Level 15 of the Dungeon
 29628 | D:15     | Found a broken altar of Ashenzari.
 29658 | D:15     | Found a runed translucent door.
 29658 | D:15     | Found a shimmering altar of Xom.
 29658 | D:15     | Noticed Royhe's ghost (adept OgFi)
 29677 | D:15     | Reached skill level 10 in Conjurations
 30202 | D:15     | Found a staircase to the Depths.
 30450 | D:15     | Learned a level 4 spell: Iskenderun's Mystic Blast
 30457 | D:15     | Learned a level 6 spell: Starburst
 30602 | D:11     | Killed Urug
 30682 | D:11     | Killed Snorg
 30844 | Spider:1 | Entered Level 1 of the Spider Nest
 31082 | Spider:1 | Reached skill level 5 in Maces & Flails
 31505 | Spider:1 | Reached skill level 12 in Fire Magic
 31509 | Spider:1 | Reached skill level 15 in Fighting
 31509 | Spider:1 | Reached XP level 17. HP: 158/170 MP: 25/30
 33333 | Spider:2 | Found a runed translucent door.
 33333 | Spider:2 | Found a shimmering altar of Xom.
 33333 | Spider:2 | Noticed Gipsousk's ghost (adept VSAM)
 33718 | Spider:3 | Reached skill level 13 in Fire Magic
 33811 | Spider:3 | Noticed Mara
 33813 | Spider:3 | Noticed tilp's illusion
 34758 | Lair:6   | Killed night's ghost
 34763 | Lair:6   | Killed Bisih's ghost
 34875 | Swamp:1  | Entered Level 1 of the Swamp
 35333 | Swamp:1  | Reached XP level 18. HP: 153/178 MP: 25/31
 35430 | Swamp:1  | Reached skill level 14 in Fire Magic
 35871 | Swamp:2  | Reached skill level 10 in Maces & Flails
 36026 | Swamp:2  | Acquired 837 gold pieces
 36831 | Swamp:3  | Reached skill level 15 in Fire Magic
 37554 | Swamp:4  | Entered Level 4 of the Swamp
 38260 | Swamp:4  | Identified the +9 falchion of Regicide {vorpal, Int+3
                  | Dex+3}
 38762 | Swamp:4  | Reached skill level 5 in Shields
 38825 | Swamp:4  | Reached XP level 19. HP: 54/186 MP: 22/32
 39179 | Swamp:4  | Found a blossoming altar of Fedhas.
 39426 | Swamp:4  | Found a basalt altar of Yredelemnul.
 39441 | Swamp:4  | Got a decaying rune of Zot
 40475 | Spider:3 | Noticed tilp's illusion
 40489 | Spider:3 | Killed Mara
 40490 | Spider:3 | Reached skill level 5 in Throwing
 40855 | Spider:4 | Entered Level 4 of the Spider Nest
 42295 | Spider:4 | Got a gossamer rune of Zot
 42301 | Spider:4 | Identified the +0 hat of Gaiqyado {Rampage}
 42608 | Spider:2 | Killed Gipsousk's ghost
 42953 | D:15     | Cast into level 3 of the Abyss (Royhe's ghost)
 42957 | Abyss:3  | Found a corrupted altar of Lugonu.
 42998 | Abyss:3  | Found an opulent altar of Gozag.
 43034 | D:15     | Escaped the Abyss
 43051 | D:15     | Killed Royhe's ghost
 43208 | Vaults:1 | Entered Level 1 of the Vaults
 44051 | Vaults:1 | Reached XP level 20. HP: 170/196 MP: 33/33
 44320 | Vaults:1 | Learned a level 4 spell: Fulminant Prism
 44505 | Vaults:1 | Reached skill level 10 in Evocations
 45255 | Orc:2    | Bought a scroll of teleportation for 30 gold pieces
 45255 | Orc:2    | Bought a scroll of teleportation for 30 gold pieces
 45255 | Orc:2    | Bought a scroll of fog for 20 gold pieces
 45269 | Orc:1    | Bought a scroll of fear for 52 gold pieces
 45269 | Orc:1    | Bought a scroll of vulnerability for 112 gold pieces
 45269 | Orc:1    | Bought a scroll of teleportation for 45 gold pieces
 45269 | Orc:1    | Bought a scroll of immolation for 52 gold pieces
 45300 | Orc:2    | Bought a scroll of blinking for 97 gold pieces
 45300 | Orc:2    | Bought a scroll of amnesia for 45 gold pieces
 45300 | Orc:2    | Bought a scroll of amnesia for 45 gold pieces
 45300 | Orc:2    | Bought a scroll of summoning for 123 gold pieces
 45528 | D:14     | Bought a potion of invisibility for 96 gold pieces
 45528 | D:14     | Bought a potion of lignification for 36 gold pieces
 45528 | D:14     | Bought a potion of curing for 36 gold pieces
 45528 | D:14     | Bought a potion of mutation for 96 gold pieces
 45680 | Vaults:2 | Found a staircase to the Crypt.
 45680 | Vaults:2 | Found an ancient bone altar of Kikubaaqudgha.
 45681 | Vaults:2 | Found a basalt altar of Yredelemnul.
 45722 | Vaults:2 | Noticed Nikola
 45729 | Vaults:2 | Killed Nikola
 45930 | Vaults:2 | Found Vionilod's Magic Scroll Boutique.
 45943 | Vaults:2 | Bought a scroll of blinking for 135 gold pieces
 45943 | Vaults:2 | Bought a scroll of magic mapping for 63 gold pieces
 45943 | Vaults:2 | Bought a scroll of teleportation for 54 gold pieces
 45943 | Vaults:2 | Bought a scroll of fear for 63 gold pieces
 46398 | Vaults:2 | Noticed Boris
 46406 | Vaults:2 | Killed Boris
 47597 | Vaults:3 | Reached XP level 21. HP: 79/211 MP: 9/34
 47914 | Vaults:3 | Reached skill level 10 in Dodging
 47944 | Vaults:3 | Found a crumbling gateway.
 47988 | Desolati | Entered the Desolation of Salt
 48527 | Desolati | Reached skill level 15 in Maces & Flails
 48711 | Desolati | Identified the +6 hunting sling of the Incandescent
                  | {vorpal, rElec Int+3 Dex+3}
 49002 | Desolati | Got the Disquisition on Freezing Confrontation
 49004 | Desolati | Identified the ring of Xomunouk {Fly rF- Int+6 Dex+2}
 49010 | Desolati | Identified the +5 whip "Yxzor" {pain, Fly rPois Str+4
                  | Int+4}
 49041 | Desolati | Identified the +3 leather armour of Pride {rCorr}
 49526 | Vaults:2 | Bought a scroll of enchant armour for 135 gold pieces
 49832 | Vaults:3 | Noticed Margery
 49867 | Vaults:2 | Killed Margery
 50037 | Vaults:3 | Noticed Frederick
 50048 | Vaults:3 | Killed Frederick
 50128 | Vaults:3 | Noticed Mennas
 50136 | Vaults:3 | Noticed Donald
 50637 | Vaults:3 | Found Yghot's Distillery.
 50692 | Vaults:3 | Killed Mennas
 50703 | Vaults:3 | Bought a potion of mutation for 176 gold pieces
 50703 | Vaults:3 | Bought a potion of ambrosia for 176 gold pieces
 50703 | Vaults:3 | Bought a potion of invisibility for 176 gold pieces
 50900 | Vaults:3 | Killed Donald
 51046 | Vaults:3 | Reached XP level 22. HP: 220/220 MP: 35/35
 51482 | Vaults:4 | Found Vylomavi's Armour Shoppe.
 51650 | Vaults:4 | Found a gateway to a bazaar.
 52159 | Vaults:4 | Found Husuowk's Antique Armour Emporium.
 52167 | Vaults:4 | Bought a pair of glowing gloves for 225 gold pieces
 52344 | Vaults:4 | Found Suabylik's Weapon Shop.
 52433 | Vaults:4 | Reached skill level 16 in Fire Magic
 52790 | Depths:1 | Entered Level 1 of the Depths
 52792 | Depths:1 | Found a gateway to Hell.
 52870 | Depths:1 | Found a one-way gateway to a ziggurat.
 53155 | Depths:1 | Found a hazy altar of Hepliaklqana.
 53440 | Depths:1 | Identified the ring of Hospitality {*Corrode rPois Will-
                  | Int+9 Dex+6}
 53643 | Depths:1 | Reached skill level 10 in Spellcasting
 53799 | Depths:1 | Learned a level 8 spell: Ignition
 54231 | Depths:2 | Noticed Aizul
 54244 | Depths:2 | Killed Aizul
 54386 | Depths:2 | Found a hide-covered altar of Uskayaw.
 54489 | Depths:2 | Found a one-way gate leading to the halls of Pandemonium.
 54510 | Depths:2 | Found a runed translucent door.
 54520 | Depths:2 | Found a shimmering altar of Xom.
 54520 | Depths:2 | Noticed robertstho's ghost (veteran DjEE)
 54863 | Depths:2 | Found a basalt altar of Yredelemnul.
 55445 | Depths:2 | Reached XP level 23. HP: 170/228 MP: 26/37
 55679 | Depths:2 | Noticed an ancient lich
 55685 | Depths:2 | Killed an ancient lich
 55712 | Depths:2 | Noticed the Enchantress
 55717 | Depths:2 | Killed the Enchantress
 56020 | Depths:2 | Identified the +0 scale mail of the Kettle-Drum {rF+}
 56041 | Depths:2 | Found a radiant altar of Vehumet.
 56171 | Depths:2 | Identified the +2 chain mail of Dim Light {Dex+3}
 56173 | Depths:2 | Got the Handbook of Evil Curses
 56297 | Depths:2 | Reached skill level 17 in Fire Magic
 57041 | Depths:3 | Found a one-way gate to the infinite horrors of the Abyss.
 57383 | Depths:3 | Found a shimmering blue altar of Sif Muna.
 57724 | Depths:3 | Found a stormy altar of Qazlal.
 57726 | Depths:3 | Found a glowing golden altar of the Shining One.
 57853 | Depths:3 | Found a burning altar of Makhleb.
 57854 | Depths:3 | Found a shadowy altar of Dithmenos.
 58098 | Depths:3 | Got the Handbook of Weightlessness and the Rocks
 58428 | Bazaar   | Entered a bazaar
 58444 | Bazaar   | Found Funitz's Antique Armour Shoppe.
 58445 | Bazaar   | Found Qoewn's Weapon Shoppe.
 58468 | Bazaar   | Bought a jewelled scale mail for 270 gold pieces
 58468 | Bazaar   | Identified the +0 scale mail of the Crypt {Rampage rC++
                  | Dex+4} (You bought it in a shop in a bazaar)
 58490 | Bazaar   | Found Ammonop's Jewellery Emporium.
 58490 | Bazaar   | Found Eweomah's Armour Emporium.
 58498 | Bazaar   | Bought the ring "Unal" {rElec rC+ Int+3} for 271 gold
                  | pieces
 58580 | Vaults:4 | Bought a runed cloak for 225 gold pieces
 58580 | Vaults:4 | Bought a smoking chain mail for 285 gold pieces
 58580 | Vaults:4 | Identified the +4 chain mail of Lyheichu {Will- Regen+
                  | Slay+6 Stlth+} (You bought it in a shop on level 4 of the
                  | Vaults)
 58928 | Elf:1    | Entered Level 1 of the Elven Halls
 59093 | Elf:1    | Noticed Azrael
 59106 | Elf:1    | Killed Azrael
 59290 | Elf:1    | Found the +1 cloak of Starlight {*Dazzle EV+4 Stlth--}
 59428 | Elf:1    | Reached skill level 18 in Fire Magic
 59678 | Elf:1    | Found Fuclah's Armour Boutique.
 59804 | Elf:1    | Reached skill level 15 in Conjurations
 59974 | Elf:2    | Reached XP level 24. HP: 236/236 MP: 38/38
 59980 | Elf:2    | Found an ancient bone altar of Kikubaaqudgha.
 60015 | Elf:2    | Reached skill level 15 in Invocations
 60386 | Elf:2    | Found a runed translucent gate.
 60386 | Elf:2    | Found a runed translucent gate.
 60391 | Elf:2    | Found a runed translucent gate.
 60658 | Elf:3    | Entered Level 3 of the Elven Halls
 60658 | Elf:3    | Found Jeesoiq's Weapon Shoppe.
 60972 | Elf:3    | Identified the +5 scimitar "Ruulena" {vorpal, *Rage rF++
                  | Dex+2 SInv}
 60972 | Elf:3    | Identified the ring of the Lusting Fool {Will+ Int+2 SInv}
 60975 | Elf:3    | Identified the +6 long sword "Daso" {freeze, rN+ rCorr
                  | Str-3 Stlth+}
 61106 | Elf:3    | Found a transporter.
 61126 | Elf:3    | Found a transporter.
 61126 | Elf:3    | Noticed Mashuo's ghost (adept GrFi)
 61129 | Elf:3    | Paralysed by an air elemental for 1 turns
 61469 | Elf:3    | Identified the +5 glaive of Amortisation {vorpal, Dex+4}
 61669 | Elf:3    | Identified the +8 plate armour of Disappointment {rCorr}
 61670 | Elf:3    | Identified the +7 chain mail of Gumu Kus {Drain +Inv
                  | Regen+}
 62118 | Crypt:1  | Entered Level 1 of the Crypt
 62262 | Crypt:1  | Noticed Boris
 62278 | Crypt:1  | Killed Boris
 62952 | Crypt:2  | Noticed Zenata
 62963 | Crypt:2  | Killed Zenata
 63280 | Crypt:2  | Reached skill level 19 in Fire Magic
 63397 | Crypt:2  | Acquired a staff of fire
 63400 | Crypt:2  | Acquired the Disquisition on Ghastly Fire
 63589 | Crypt:3  | Entered Level 3 of the Crypt
 63603 | Crypt:3  | Reached XP level 25. HP: 237/245 MP: 34/40
 63792 | Crypt:3  | Identified the ring "Irifuumete" {Ice rCorr Dex+2}
 63792 | Crypt:3  | Noticed Josephina
 63803 | Crypt:3  | Killed Josephina
 64357 | Crypt:3  | Noticed Sojobo
 64366 | Crypt:3  | Killed Sojobo
 64513 | Crypt:3  | Found a staircase to the Tomb.
 64779 | Crypt:3  | Reached skill level 20 in Fire Magic
 64846 | Crypt:3  | Found an ancient bone altar of Kikubaaqudgha.
 65162 | Crypt:3  | Found the +5 scythe "Finisher" {speed, eviscerate}
 65853 | Depths:4 | Entered Level 4 of the Depths
 66007 | Depths:4 | Found a snail-covered altar of Cheibriados.
 66762 | Depths:4 | Reached XP level 26. HP: 237/261 MP: 34/40
 67179 | Depths:4 | Learned a level 2 spell: Blink
 67250 | Depths:4 | Found a gate to the Realm of Zot.
 67556 | Vaults:5 | Entered Level 5 of the Vaults
 67558 | Vaults:5 | Reached skill level 1 in Translocations
 67992 | Vaults:5 | Identified the ring of Adaommi {Will+ EV+4}
 68018 | Vaults:5 | Identified the +1 dire flail of Death {freeze, rElec}
 68036 | Vaults:5 | Identified the amulet "Xavaykky" {Reflect rN+ rCorr SH+5}
 68475 | Vaults:5 | Noticed Boris
 68488 | Vaults:5 | Killed Boris
 68678 | Vaults:5 | Noticed a dread lich
 68685 | Vaults:5 | Killed a dread lich
 69043 | Vaults:5 | Noticed an ancient lich
 69311 | Vaults:5 | Reached skill level 21 in Fire Magic
 69311 | Vaults:5 | Reached XP level 27. HP: 195/242 MP: 41/41
 69373 | Vaults:5 | Learned a level 7 spell: Orb of Destruction
 69377 | Vaults:5 | Got a silver rune of Zot
 69449 | Vaults:5 | Killed an ancient lich
 70249 | Zot:1    | Entered Level 1 of the Realm of Zot
 70709 | Zot:4    | Noticed an orb of fire
 70764 | Zot:5    | Entered Level 5 of the Realm of Zot
 71493 | Zot:5    | Noticed an ancient lich
 71495 | Zot:5    | Noticed an orb of fire
 71499 | Zot:5    | Killed an ancient lich
 71507 | Zot:5    | Killed an orb of fire
 71515 | Zot:5    | Noticed an orb of fire
 71515 | Zot:5    | Noticed an ancient lich
 71517 | Zot:5    | Gained mutation: You are very clumsy. (Dex -4) [an orb of
                  | fire]
 71518 | Zot:5    | Gained mutation: You are dopey. (Int -2) [an orb of fire]
 71519 | Zot:5    | Gained mutation: You are very dopey. (Int -4) [an orb of
                  | fire]
 71520 | Zot:5    | Killed an ancient lich
 71522 | Zot:5    | Killed an orb of fire
 71523 | Zot:5    | Reached skill level 15 in Spellcasting
 71623 | Zot:5    | Noticed a dread lich
 71633 | Zot:5    | Noticed a dread lich
 71635 | Zot:5    | Killed a dread lich
 71652 | Zot:5    | Killed a dread lich
 71824 | Zot:5    | Noticed an ancient lich
 71848 | Zot:5    | Killed an ancient lich
 72504 | Zot:5    | Got the Orb of Zot
 72514 | Zot:5    | Noticed an orb of fire
 72516 | Zot:5    | Gained mutation: You sometimes lose the ability to read
                  | scrolls when taking damage. [an orb of fire]
 72768 | D:15     | Noticed Vyesuf the pandemonium lord
 72792 | D:15     | Lost mutation: You are very clumsy. (Dex -4) [potion of
                  | mutation]
 72792 | D:15     | Lost mutation: You are clumsy. (Dex -2) [potion of
                  | mutation]
 72792 | D:15     | Gained mutation: You are robust. (+10% HP) [potion of
                  | mutation]
 72792 | D:15     | Gained mutation: Your movements are slightly less
                  | encumbered by armour. (ER -2) [potion of mutation]
 72793 | D:15     | Lost mutation: Your movements are slightly less encumbered
                  | by armour. (ER -2) [potion of mutation]
 72793 | D:15     | Lost mutation: You are robust. (+10% HP) [potion of
                  | mutation]
 72793 | D:15     | Gained mutation: You can exhale a cloud of poison. [potion
                  | of mutation]
 72794 | D:15     | Lost mutation: You have a pair of small horns on your head.
                  | [potion of mutation]
 72794 | D:15     | Lost mutation: You can exhale a cloud of poison. [potion of
                  | mutation]
 72794 | D:15     | Lost mutation: Your spells are a little harder to cast, but
                  | a little more powerful. [potion of mutation]
 72794 | D:15     | Gained mutation: You are clumsy. (Dex -2) [potion of
                  | mutation]
 72794 | D:15     | Lost mutation: You sometimes lose the ability to read
                  | scrolls when taking damage. [potion of mutation]
 73075 | D:8      | Noticed a seraph
 73082 | D:8      | Killed a seraph
 73123 | D:7      | Reached skill level 10 in Armour
 73459 | D:$      | Escaped with the Orb!

Illustrated notes

Levels and vault maps discovered:
D:1:      eino_arrival_tree_alley, layout_basic, serial_glass, glass_columns_b,
          glass_columns_b, glass_columns_a, glass_columns_a, glass_columns_a,
          glass_columns_a, chequers_ecumenical_altar_twisty
D:2:      layout_basic, uniq_natasha
D:3:      layout_basic, mainiacjoe_overflow_cross_hatched,
          mainiacjoe_overflow_alcove_1, serial_shops, shop
D:4:      minmay_angry_zag, layout_basic, led_xom_imps,
          lemuel_zombie_altar_kikubaaqudgha
D:5:      layout_loops_cross, pdpol_wu_jian_five_deadly_venoms,
          biasface_ghost_orc_armoury
D:6:      layout_rooms, minmay_temple_entry_ruins
D:7:      layout_basic, uniq_joseph
D:8:      layout_gridville, uniq_gastronok
D:9:      erik_cavepeople, layout_long_grid, fedhas_bush_and_centaur_altar,
          lemuel_tele_altar
D:10:     layout_roguey, kennysheep_mini, erik_orc_3, pond
D:11:     layout_basic, serial_shops, kennysheep_little_box,
          hellmonk_bongcloud_opening, uniq_urug, uniq_snorg, uniq_maurice
D:12:     layout_stronghold, gauntlet_entry_generic, serial_ice, serial_ice_m,
          serial_ice_h, serial_ice_b, serial_ice_l,
          portal_ice_cave_entry_ice_simulacra, minivault_4, hex_large,
          due_unseen_surprise
D:13:     layout_basic, lightli_vaults_fourway_checkpoint,
          minmay_variable_closet, uniq_kirke
D:14:     lemuel_ogre_cave, layout_basic, serial_shops,
          nicolae_shop_statue_plus, grunt_gozag_statues, uniq_louise,
          uniq_agnes, uniq_frances
D:15:     grunt_enter_depths_hoard, layout_basic, ashenzari_altar_1,
          ebering_ghost_xom, minmay_misc_feat_five, grunt_ministairs_6
Lair:1:   layout_long_grid, lemuel_centaur_altar, grunt_megastairs_5,
          serial_bayou_shore_b, infiniplex_staircase_pool_2
Lair:2:   layout_small_grid, minmay_swamp_entry_swarm,
          nicolae_quartered_pool_impasse, grunt_forest_large_clearings
Lair:3:   beast_lair_carwin_large_1, layout_cave_pods
Lair:4:   layout_regular_city, spider_nest_entry_a, cheibrodos_lair_lostbears,
          serial_bayou_shore_b, grunt_megastairs_3, lemuel_fruit_fields
Lair:5:   layout_regular_city
Lair:6:   minmay_lair_end_frog_pond, layout_regular_city,
          minmay_slime_entry_pillars, gammafunk_ghost_cemetery,
          nzn_sisyphean_effort, serial_bayou_shore_a
Swamp:1:  layout_falls_marsh, evilmike_swamp_ruin_house_5
Swamp:2:  layout_basic_swamp, serial_swamp_ruin, evilmike_swamp_ruin_house_2,
          hangedman_swamp_ruin_wall, evilmike_swamp_ruin_house_6, swamp_pool1,
          infiniplex_staircase_pool
Swamp:3:  layout_basic_swamp, nicolae_swamp_small_spring, grunt_witch_cave
Swamp:4:  byrel_swamp_growth_death_and_undeath, layout_basic_swamp, swamp_pool2,
          hangedman_swamp_blocks, nicolae_swamp_super_fun_site
Spider:1: layout_spider_delve
Spider:2: layout_spider_delve, ebering_ghost_xom,
          hangedman_spider_tarantella_strand
Spider:3: layout_spider_delve, drop_trap, nicolae_spider_bug_shape, uniq_mara
Spider:4: grunt_spider_rune_parallel
Orc:1:    layout_caves, serial_shops, shop, lemuel_statue_altar, minmay_orc_keep
Orc:2:    st_orc_mages, layout_diamond_mine, serial_shops, shop, mines1_david
Elf:1:    eino_elf_arrival_customs, layout_gridlike, serial_shops, shop,
          minmay_elf_annihilation, drop_trap, library_closet,
          einodemon_barbed_minivault, uniq_azrael
Elf:2:    elven_hall_of_blades_hangedman_original [nicolae_blade_little_rooms],
          layout_geoelf_diagonals, basic_altar
Elf:3:    elf_hall, layout_geoelf_grid, serial_shops, shop_statue,
          gammafunk_ghost_arena
Vaults:1: hangedman_vaults_slice, ontoclasm_vaults_hangar, vaults_dpeg_cross,
          vaults_room_ringed_pool, hangedman_vaults_locks,
          ontoclasm_vaults_loading_screen, v_misc_9,
          nicolae_vaults_display_case, v_alt_pattern_3,
          nicolae_vaults_shelves_hall, layout_vaults_ring
Vaults:2: hangedman_vaults_corner_blocks, v_misc_1, v_alt_pattern_5, v_misc_33,
          minmay_crypt_entry_necro_gods, hangedman_vaults_trim,
          vaults_mumra_chevron_long, hangedman_vaults_stretched_pinwheel,
          v_rooms_1, v_misc_12, ontoclasm_vaults_pinch, st_octagons_2,
          ontoclasm_vaults_loading_screen, ontoclasm_vaults_gateway,
          layout_vaults_big_cross, serial_shops, shop_scrolls, uniq_boris,
          uniq_nikola
Vaults:3: portal_desolation_entry_ruin, v_misc_26, vaults_mumra_chevron,
          vaults_dpeg_hooks, v_rooms_6, nicolae_vaults_little_squares_4,
          nicolae_vaults_rhombus_7, nicolae_vaults_diagonal_hallway_7,
          nicolae_vaults_three_branches, hangedman_vaults_slice,
          vaults_standard_mumra_lines, v_misc_16, hangedman_vaults_hat,
          vaults_room_door_ring, nicolae_vaults_little_squares_5,
          layout_vaults_big_room, serial_shops, nicolae_diamond_shop,
          uniq_mennas, uniq_donald, uniq_frederick, uniq_margery
Vaults:4: v_misc_29, nicolae_vaults_mini_display_case, vaults_room_corners,
          layout_vaults_quadrants, serial_shops, bzr_in_the_mist,
          nicolae_shop_competitors_out_of_business, nicolae_diamond_shop,
          nicolae_shop_hallway_plus
Vaults:5
Crypt:1:  layout_misc_corridors
Crypt:2:  layout_rooms, uniq_zenata
Crypt:3:  church_of_pain_bobbens, layout_chaotic_city,
          serial_sigils_hangedman_scar, uniq_josephina, uniq_sojobo
Depths:1: layout_cave_shapes, enter_ziggurat_f, minmay_misc_feat_secret_circle,
          serial_rivers, chequers_serial_rivers_micro_e,
          chequers_serial_rivers_micro_a, chequers_serial_rivers_room_b,
          chequers_serial_rivers_small_b, chequers_serial_rivers_large_b,
          chequers_serial_rivers_room_b, hell_entry,
          nicolae_hepliaklqana_monster_ancestors
Depths:2: evilmike_halls_of_destruction, layout_cave_pools,
          grunt_pan_entry_zigzag, hell_entry, nicolae_uskayaw_suspiria,
          ebering_ghost_xom, nicolae_yredelemnul_corpse_copse, uniq_aizul,
          uniq_enchantress
Depths:3: minmay_the_grid_octo_2x2 [minmay_the_grid_octo_shrine,
          minmay_the_grid_octo_fat_diamond, minmay_the_grid_octo_clover_2,
          minmay_the_grid_octo_prize_single_spiral], layout_cave_pools,
          nicolae_sif_muna_condensation, abyss_entry, grunt_hell_entry_dis_old,
          dreamdust_looks_like_rain
Depths:4: evilmike_zot_entry_round, layout_cave_pools, pan_entry,
          nicolae_hell_entry_hellmouth_sunbeams, cheibriados_altar_1,
          nicolae_abyss_entry_one_way_or_another
Zot:1:    layout_basic, hangedman_zot_decor_unnerving_road, st_stairs_8
Zot:2:    layout_basic
Zot:3:    grunt_deathspiral_small, layout_cathedral_of_symmetry
Zot:4:    layout_gridville, grunt_megastairs_1, uniq_parghit
Zot:5:    layout_basic, grunt_ministairs_6

Skill      XL: |  1  2  3  4  5  6  7  8  9 10 11 12 13 14 15 16 17 18 19 20 21 22 23 24 25 26 27 |
---------------+----------------------------------------------------------------------------------+-----
Fighting       | 1 2 4 6 7 8 9 10 11 13 15 16 17 18 19 20 | 20.9
Spellcasting   | 3 5 6 7 8 9 10 11 13 14 15 | 15.0
Conjurations   | 2 3 4 6 7 8 9 10 12 13 15 16 17 | 17.7
Fire Magic     | 4 5 6 8 9 10 12 13 15 16 18 19 20 21 | 21.9
Invocations    | 2 4 5 6 8 9 10 11 12 13 14 15 16 | 16.6
Throwing       | 1 2 3 4 5 6 |  6.0
Dodging        | 2 3 4 5 6 8 9 10 11 12 13 | 13.3
Stealth        | 4 6 8 10 12 14 15 | 15.0
Short Blades   | 2 3 4 |  4.0
Evocations     | 3 4 6 8 9 10 11 12 13 | 13.7
Armour         | 2 4 6 8 9 10 | 10.0
Hexes          | 4 |  4.0
Maces & Flails | 2 5 9 10 12 13 16 | 16.0
Shields        | 1 4 5 6 |  6.0
Translocations | 4 |  4.0

Action                   |  1- 3 |  4- 6 |  7- 9 | 10-12 | 13-15 | 16-18 | 19-21 | 22-24 | 25-27 || total
-------------------------+-------+-------+-------+-------+-------+-------+-------+-------+-------++-------
Melee: Long sword        |     9 |       |    12 |       |       |       |       |       |       ||    21
       Unarmed           |     1 |       |       |       |       |       |       |       |     5 ||     6
       Dagger            |     5 |   105 |   140 |   255 |   679 |       |       |       |       ||  1184
       Punch             |       |       |     1 |     3 |    11 |       |       |       |       ||    15
       Constrict         |       |       |       |       |   172 |   168 |   229 |   177 |   151 ||   897
       Eveningstar       |       |       |       |       |    85 |   792 |   934 |   985 |  1140 ||  3936
       Headbutt          |       |       |       |       |    60 |   251 |   351 |   407 |   458 ||  1527
Throw: Dart              |       |     2 |    19 |    17 |    14 |     1 |     1 |       |       ||    54
       Stone             |       |       |     4 |       |       |       |       |       |       ||     4
       Boomerang         |       |       |       |     1 |       |       |       |       |       ||     1
 Cast: Foxfire           |    10 |    31 |    14 |     3 |     4 |       |       |       |       ||    62
       Scorch            |     8 |    23 |    97 |   132 |   166 |   143 |    16 |     1 |       ||   586
       Flame Wave        |       |       |     2 |    32 |    58 |    18 |     3 |       |       ||   113
       Dazzling Flash    |       |       |       |       |     8 |       |       |       |       ||     8
       Starburst         |       |       |       |       |       |     2 |    62 |   116 |   147 ||   327
       Iskenderun's Myst |       |       |       |       |       |       |     5 |     2 |     8 ||    15
       Fulminant Prism   |       |       |       |       |       |       |     6 |     1 |       ||     7
       Ignition          |       |       |       |       |       |       |       |       |     6 ||     6
Invok: Bend Time         |       |       |     2 |       |     1 |       |       |       |       ||     3
       Slouch            |       |       |       |     3 |    16 |    28 |    23 |    29 |    15 ||   114
 Abil: Spit Poison       |     4 |     3 |     1 |     7 |     4 |     5 |       |       |       ||    24
Evoke: Wand              |       |     6 |       |    12 |    12 |     3 |     1 |       |     6 ||    40
       Box of beasts     |       |       |       |       |     1 |       |     2 |       |     2 ||     5
       Phantom mirror    |       |       |       |       |       |       |     1 |       |     3 ||     4
       Phial of floods   |       |       |       |       |       |       |     1 |       |     1 ||     2
  Use: Scroll            |     2 |     7 |     8 |    13 |    16 |     4 |     9 |    10 |    16 ||    85
       Potion            |       |     1 |       |       |     4 |     2 |     5 |     3 |     9 ||    24
 Stab: Sleeping          |     6 |     1 |     3 |     7 |    15 |    24 |    23 |    36 |    18 ||   133
       Invisible         |       |     2 |       |       |     2 |       |       |       |       ||     4
       Distracted        |       |       |       |     2 |       |     2 |     6 |     5 |     4 ||    19
       Paralysed         |       |       |       |       |     1 |       |       |       |       ||     1
Armor: Robe              |     2 |    21 |    24 |       |       |       |       |       |       ||    47
       Leather armour    |       |       |    16 |       |       |       |       |       |       ||    16
       Scale mail        |       |       |   107 |   242 |   662 |   921 |   496 |   550 |   639 ||  3617
Dodge: Dodged            |     9 |    55 |   135 |   378 |  1039 |  1030 |   720 |   624 |   912 ||  4902
Block: Buckler           |       |       |       |       |    39 |   611 |   499 |   466 |   619 ||  2234

Table legend: (Time is in decaauts)
 A = Elapsed time spent in this place.
 B = Non-inter-level travel time spent in this place.
 C = Inter-level travel time spent in this place.
 D = Time resting spent in this place.
 E = Time spent auto-exploring this place.
 F = Levels seen in this place.
 G = Mean time per level.
                   A        B        C        D        E       F      G
               +--------+--------+--------+--------+--------+-----+--------+
         Total | 137382 | 116161 |  21221 |  15213 |  73088 |  55 | 2497.9 |
       Dungeon |  39808 |  31337 |   8471 |   2398 |  24075 |  15 | 2653.9 |
          Lair |  18377 |  16401 |   1976 |   1008 |  12391 |   6 | 3062.8 |
         Swamp |   9689 |   8477 |   1212 |   2241 |   3983 |   4 | 2422.2 |
   Spider Nest |  10857 |   9478 |   1379 |   2367 |   4503 |   4 | 2714.2 |
  Orcish Mines |   5742 |   4563 |   1179 |    617 |   3038 |   2 | 2871.0 |
   Elven Halls |   5801 |   5364 |    437 |    238 |   3820 |   3 | 1933.7 |
        Vaults |  20565 |  16870 |   3695 |   2069 |  10325 |   5 | 4113.0 |
         Crypt |   6624 |   6007 |    617 |    540 |   3741 |   3 | 2208.0 |
        Depths |  12546 |  11343 |   1203 |   2274 |   6136 |   4 | 3136.5 |
           Zot |   4154 |   3104 |   1050 |    826 |    397 |   5 |  830.8 |
         Abyss |    172 |    172 |      0 |      0 |      0 |   1 |  172.0 |
        Bazaar |    244 |    244 |      0 |      0 |    184 |   1 |  244.0 |
      Ice Cave |    316 |    316 |      0 |    127 |      0 |   1 |  316.0 |
    Desolation |   2482 |   2482 |      0 |    504 |    490 |   1 | 2482.0 |
               +--------+--------+--------+--------+--------+-----+--------+

Top non-repeatable levels by time:
Vaults:2: 4962 daAuts
    D:13: 4890 daAuts
Vaults:1: 4369 daAuts
Vaults:5: 4158 daAuts
 Swamp:4: 3989 daAuts
Depths:2: 3869 daAuts
    D:15: 3848 daAuts
  Lair:6: 3833 daAuts
   Orc:2: 3659 daAuts
    D:11: 3609 daAuts
 Crypt:3: 3599 daAuts
Vaults:4: 3596 daAuts
    D:10: 3532 daAuts
Vaults:3: 3478 daAuts
  Lair:1: 3458 daAuts
